 Dungeon Crawl Stone Soup version 0.31-a0-219-g8d62b2e7bb (webtiles) character file.

Game seed: 3740915095262736545

112 Zonian the Firebug (level 4, 0/24 HPs)
             Began as a Deep Elf Fire Elementalist on July 3, 2023.
             Slain by Sigmund
             ... wielding a +0 scythe
              (12 damage)
             ... on level 3 of the Dungeon.
             The game lasted 00:05:47 (3056 turns).

Zonian the Firebug (Deep Elf Fire Elementalist)     Turns: 3056, Time: 00:05:48

Health: 0/24       AC:  2    Str:  5    XL:     4   Next: 63%
Magic:  10/12      EV: 13    Int: 22    God:
Gold:   117        SH:  0    Dex: 15    Spells: 6/11 levels left

rFire   . . .        c - +0 dagger
rCold   . . .        (no shield)
rNeg    . . .        a - +0 robe
rPois   .            (no helmet)
rElec   .            (no cloak)
rCorr   .            (no gloves)
SInv    .            (no boots)
Will    .....        (no amulet)
Stlth   ++           (no ring)
HPRegen 0.24/turn    (no ring)
MPRegen 0.13/turn

%: no passive effects
@: about to teleport
A: no striking features
a: no special abilities


You were on level 3 of the Dungeon.
You visited 1 branch of the dungeon, and saw 3 of its levels.

You collected 117 gold pieces.

Inventory:

Hand Weapons
 c - a +0 dagger (weapon)
Armour
 a - a +0 robe (worn)
Scrolls
 f - a scroll of teleportation
 i - 2 scrolls of identify
 k - a scroll of noise {unknown}
 l - a scroll of immolation {unknown}
Potions
 b - a potion of magic
 d - a potion of mutation {unknown}
 e - a potion of curing {unknown}
 g - 2 potions of enlightenment {unknown}
 h - 2 potions of brilliance
 j - a potion of cancellation {unknown}


   Skills:
 - Level 3.1 Dodging
 - Level 3.3 Stealth
 + Level 4.1 Spellcasting
 + Level 2.5 Conjurations
 + Level 4.1 Fire Magic


You had 6 spell levels left.
You knew the following spells:

 Your Spells              Type           Power      Damage    Failure   Level
a - Foxfire               Conj/Fire      76%        2x1d7     2%          1
b - Scorch                Fire           44%        2d6       3%          2
c - Wereblood             Tmut           4%         N/A       17%         2

Your spell library contained the following spells:

 Spells                   Type           Power      Damage    Failure   Level
 Inner Flame              Hex/Fire       13%        N/A       14%         3
 Volatile Blastmotes      Fire/Tloc      26%        2d12      14%         3
 Sublimation of Blood     Necr           4%         N/A       17%         2
 Flame Wave               Conj/Fire      19%        2d7       28%         4
 Petrify                  Tmut/Erth      4%         N/A       73%         4
 Irradiate                Conj/Tmut      5%         3d13      88%         5
 Summon Hydra             Summ           2%         N/A       100%        7


Dungeon Overview and Level Annotations

Branches:
Dungeon (3/15)

Altars:
Qazlal

Annotations:
D:3 Sigmund


Message History

The foxfire hits something.
As you read the scroll labelled LOSKAI HUTOENG, it crumbles to dust.
It is a scroll of identify.
h - 2 potions of brilliance Unknown command.
Okay, then.
Okay, then.
Unknown command.
Unknown command.
A puff of flame appears from out of thin air!
The puff of flame hits you.
Found a ring mail.
Found a scroll labelled RIL DODEYQATO.
Casting: Foxfire (safe; 2% risk of failure)
Confirm with . or Enter, or press ? or * to list all spells.
You don't know that spell.
Unknown command.
You are too injured to fight recklessly!
Unknown command.
Casting: Foxfire (safe; 2% risk of failure)
Confirm with . or Enter, or press ? or * to list all spells.
You don't know that spell.
Unknown command.
Casting: Foxfire (safe; 2% risk of failure)
Confirm with . or Enter, or press ? or * to list all spells.
You don't know that spell.
Unknown command.
Casting: Foxfire (safe; 2% risk of failure)
Confirm with . or Enter, or press ? or * to list all spells.
You conjure some foxfire!
Unknown command.
Your foxfire dissipates!
Found a scroll labelled VEDUUTT FAN YNUI.
Found a stone staircase leading down.
The foxfire hits something.
Unknown command.
As you read the scroll labelled UDAYNL GUMESE, it crumbles to dust.
You feel strangely unstable.
It was a scroll of teleportation.
Something hits you!
Ouch! That really hurt!
You die...

#.########.##♣...♣♣~~~~P.P
# #.# #.P..♣.♣~~... #.#
##.P..P~~.... #.#
#.....P..P#. #.#
##........## #.#
####.....## #.#
######...#.# #######.#
#......[###.
#.....@#......####..#..
#.....#.####..# ##....
.?...[. .# #.... .......
.# #...# .#..... ?# #####
....... .# ....... ..
####.## #>


There were no monsters in sight!

Vanquished Creatures
  4 adders
  A white imp (D:3)
  4 worms
  3 endoplasms
  3 giant cockroaches (D:2)
  8 hobgoblins
  5 jackals
  3 kobolds
  A quokka (D:2)
  4 ball pythons
  7 bats
  4 frilled lizards
  3 goblins
  3 rats
53 creatures vanquished.

Vanquished Creatures (collateral kills)
  A foxfire (D:3)
1 creature vanquished.

Vanquished Creatures (others)
  204 foxfires
204 creatures vanquished.

Grand Total: 258 creatures vanquished

Notes
Turn   | Place    | Note
-------+----------+-------------------------------------------
     0 | D:1      | Zonian the Deep Elf Fire Elementalist began the quest for
                  | the Orb.
     0 | D:1      | Reached XP level 1. HP: 10/10 MP: 6/6
   410 | D:1      | Reached XP level 2. HP: 15/15 MP: 2/8
  1410 | D:2      | Reached XP level 3. HP: 19/19 MP: 3/9
  1469 | D:2      | Learned a level 2 spell: Scorch
  1488 | D:2      | Found a stormy altar of Qazlal.
  1785 | D:2      | Learned a level 2 spell: Wereblood
  2456 | D:2      | Found a faded altar of an unknown god.
  2544 | D:3      | Reached XP level 4. HP: 24/24 MP: 6/11
  3035 | D:3      | Noticed Sigmund
  3056 | D:3      | Slain by Sigmund

Illustrated notes

Levels and vault maps discovered:
D:1:      lightli_arrival_chessboard, layout_basic, serial_park_tiny_1
D:2:      layout_rooms, basic_altar,
          dreamdust_ecumenical_altar_hidden_monk_grotto,
          minmay_misc_feat_more_columns, minmay_hexomino_u4
D:3:      layout_loops_ring, mainiacjoe_overflow_concentric_impassable,
          serial_bayou, serial_bayou_ford_a, serial_bayou_pond_a,
          serial_bayou_pond_c, serial_bayou_lagoon_a, grunt_ministairs_13,
          serial_park_tiny_1, uniq_robin, uniq_natasha, uniq_sigmund

Skill      XL: |  1  2  3  4 |
---------------+-------------+-----
Stealth        | 3 |  3.3
Dodging        | 3 |  3.1
Conjurations   | 2 |  2.5
Spellcasting   | 4 |  4.1
Fire Magic     | 4 |  4.1

Action                     |  1- 3 |  4- 6 || total
---------------------------+-------+-------++-------
  Melee: Dagger            |    37 |     3 ||    40
   Cast: Foxfire           |   107 |    27 ||   134
    Use: Scroll            |       |     2 ||     2
   Stab: Sleeping          |     1 |       ||     1
 Armour: Robe              |    11 |     3 ||    14
  Dodge: Dodged            |    41 |    10 ||    51

Table legend: (Time is in decaauts)
 A = Elapsed time spent in this place.
 B = Non-inter-level travel time spent in this place.
 C = Inter-level travel time spent in this place.
 D = Time resting spent in this place.
 E = Time spent auto-exploring this place.
 F = Levels seen in this place.
 G = Mean time per level.
                   A        B        C        D        E       F      G
               +--------+--------+--------+--------+--------+-----+--------+
         Total |   3055 |   3021 |     34 |    492 |   2033 |   3 | 1018.3 |
       Dungeon |   3055 |   3021 |     34 |    492 |   2033 |   3 | 1018.3 |
               +--------+--------+--------+--------+--------+-----+--------+

Top non-repeatable levels by time:
     D:1: 1392 daAuts
     D:2: 1102 daAuts
     D:3: 559 daAuts
